 Dungeon Crawl Stone Soup version 0.19-a0-867-g949743d (webtiles) character file.

62 Gorice the Stinger (level 3, -1/24 HPs)
             Began as a Demonspawn Venom Mage on July 3, 2016.
             Slain by a kobold
             ... wielding a +0 short sword of holy wrath
              (5 damage)
             ... on level 3 of the Dungeon.
             The game lasted 00:10:23 (2277 turns).

Gorice the Stinger (Demonspawn Venom Mage)          Turns: 2277, Time: 00:10:24

Health: -1/24      AC:  5    Str:  8    XL:     3   Next: 85%
Magic:  3/7        EV: 12    Int: 17    God:
Gold:   131        SH:  2    Dex: 13    Spells: 1 memorised, 6 levels left

rFire  . . .     SeeInvis .     a - +1 spear
rCold  . . .     Gourm    +     h - +0 robe
rNeg   . . .     Faith    .     (no shield)
rPois  .         Spirit   .     (no helmet)
rElec  .         Dismiss  .     (no cloak)
rCorr  .         Reflect  .     t - +0 pair of gloves
SustAt .         Harm     .     (no boots)
MR     .....                    e - amulet of the gourmand
Stlth  ++........               (no ring)
                                (no ring)

@: lethally poisoned (-1 -> -4), not resistant to hostile enchantments,
unstealthy
A: large bone plates 1, demonic guardian 1
a: no special abilities


You were on level 3 of the Dungeon.
You were completely stuffed.

You visited 1 branch of the dungeon, and saw 3 of its levels.

You collected 131 gold pieces.

Inventory:

Hand Weapons
 a - a +1 spear (weapon)
 l - a +0 whip
 n - a +0 dagger
 s - a +0 short sword
 u - a +0 war axe
 x - a +0 blowgun
Missiles
 d - 50 sling bullets
 g - 5 tomahawks (quivered)
 k - 12 bolts
 y - 20 poisoned needles
 Z - 80 stones
Armour
 h - a +0 robe (worn)
 t - a +0 pair of gloves (worn)
Jewellery
 e - an amulet of the gourmand (around neck)
Wands
 v - a wand of disintegration (1/24)
Scrolls
 f - a scroll of remove curse {unknown}
Potions
 j - 2 potions of flight {unknown}
 m - a potion of cancellation {!q}
 o - a potion of resistance {unknown}
 p - a potion of heal wounds {unknown}
 q - a potion of cure mutation {unknown}
 r - a potion of brilliance {unknown}
Books
 b - a Young Poisoner's Handbook
Comestibles
 c - 2 bread rations {!e}
 i - a meat ration {!e}
 w - a chunk of flesh


   Skills:
 - Level 1.7 Dodging
 - Level 1.7 Stealth
 + Level 2.7 Spellcasting
 * Level 2.8 Conjurations
 - Level 4.0 Poison Magic


You had 6 spell levels left.
You knew the following spells:

 Your Spells              Type           Power        Failure   Level  Hunger
a - Sting                 Conj/Pois      ##..         4%          1    #......


Dungeon Overview and Level Annotations

Branches:
Dungeon (3/15)

Altars:
Pakellas
Xom


Innate Abilities, Weirdness & Mutations

You are partially covered in large bone plates. (AC +2, SH +2)
A weak demonic guardian rushes to your aid.


Message History

Press: ? - help, Shift-Dir - straight line, f/p - kobold
Aim: a kobold, wielding a blowgun The sting hits the kobold.
The kobold is poisoned.
You kill the kobold!
You feel sick.
Damage: 1 (max 1)
There is an open door here.
You feel sick.
Things that are here:
a blowgun; 19 poisoned needles; Damage: 1 (max 1)
x - a blowgun;
y - 19 poisoned needles You feel sick.
There is an open door here.
Damage: 1 (max 1)
You feel sick.
y - 20 poisoned needles (gained 1) Damage: 1 (max 1)
A kobold comes into view.
It is wielding a short sword of holy wrath.
You feel sick.
The kobold shouts!
The kobold moves out of view.
Damage: 1 (max 1)
You open the door.
Found a stone staircase leading down.
You feel sick.
There is an open door here.
An adder comes into view.
The adder hisses angrily.
Damage: 1 (max 1)
Casting: Sting
Confirm with . or Enter, or press ? or * to list all spells.
Aiming: Sting
Press: ? - help, Shift-Dir - straight line, f - kobold
Aim: a kobold, wielding a short sword of holy wrath The sting hits the kobold.
The kobold appears unharmed.
The kobold hits you with a short sword of holy wrath.
You convulse.
* * * LOW HITPOINT WARNING * * *
Damage: 10 (max 10)
Casting: Sting
Confirm with . or Enter, or press ? or * to list all spells.
Aiming: Sting
Press: ? - help, Shift-Dir - straight line, f/p - kobold
Aim: a kobold, wielding a short sword of holy wrath The sting hits the kobold.
The kobold is poisoned.
The kobold is severely wounded.
The kobold hits you with a short sword of holy wrath.
* * * LOW HITPOINT WARNING * * *
You convulse.
You die...

.......########
.......'....... .#
.......######## #+#.#
.......# ....# .......#
....##
.......##########.....#
.......##.........S...#
........'........K....# #
#########......(@####...#
#........'....>.#
#........######.#
#........# #........#
#........# ######'### #.#
#.#


You could see an adder and a kobold.

Vanquished Creatures
  An ooze (D:1)
  2 worms (D:2)
  3 dart slugs (D:1)
  A giant gecko (D:1)
  2 giant cockroaches
  4 goblins
  6 hobgoblins
  A ball python (D:2)
  7 bats
  A giant newt (D:2)
  6 kobolds
  12 rats
46 creatures vanquished.

Notes
Turn   | Place    | Note
-------+----------+-------------------------------------------
     0 | D:1      | Gorice the Demonspawn Venom Mage began the quest for the Orb.
     0 | D:1      | Reached XP level 1. HP: 13/13 MP: 3/3
   261 | D:1      | Reached skill level 1 in Conjurations
   402 | D:1      | Gained mutation: You are partially covered in large bone plates. (AC +2, SH +2) [demonic ancestry]
   402 | D:1      | Reached XP level 2. HP: 19/19 MP: 0/5
   771 | D:1      | Reached skill level 2 in Conjurations
   896 | D:1      | Gained mutation: A weak demonic guardian rushes to your aid. [demonic ancestry]
   896 | D:1      | Reached XP level 3. HP: 23/24 MP: 1/6
  1715 | D:2      | Found a shimmering altar of Xom.
  2018 | D:2      | Found an oddly glowing altar of Pakellas.
  2277 | D:3      | HP: 4/24 [kobold/short sword of holy wrath (4)]
  2277 | D:3      | Slain by a kobold

Vault maps used:
D:1:      dpeg_arrival_morbid_curiosity, minivault_27
D:2:      overflow_temple_1_default, first_bread, johnstein_pakellas_dig

Skill      XL: |  1  2 |
---------------+-------+-----
Conjurations   | 1 2 |  2.8
Dodging        | |  1.7
Stealth        | |  1.7
Spellcasting   | |  2.7
Poison Magic   | |  4.0

Action                   || total
-------------------------++-------
Melee: Spear             ||    30
Throw: Tomahawk          ||     2
 Cast: Sting             ||    96
  Use: Scroll            ||     4
 Stab: Sleeping          ||     1
  Eat: Chunk             ||    17
Armor: Robe              ||     7
Dodge: Dodged            ||    31
Block: Other             ||     4

Table legend:
 A = Turns spent in this place as a percentage of turns spent in the entire game.
 B = Non-inter-level travel turns spent in this place as a percentage of non-inter-level travel turns spent in the entire game.
 C = Inter-level travel turns spent in this place as a percentage of turns spent in this place.
 D = Turns resting spent in this place as a percentage of non-inter-level travel turns spent in this place.
 E = Turns spent auto-exploring this place as a percentage of non-inter-level travel turns spent in this place.
 F = Non-inter-level travel turns spent in this place divided by the number of levels of this place that you've seen.
                   A       B       C       D       E      F
               +-------+-------+-------+-------+-------+----------------------
         Total | 100.0 | 100.0 |   0.3 |   3.0 |   7.0 | 253.7
       Dungeon | 100.0 | 100.0 |   0.3 |   3.0 |   7.0 | 253.7
               +-------+-------+-------+-------+-------+----------------------

Vault maps used:
D:1:      dpeg_arrival_morbid_curiosity, minivault_27
D:2:      overflow_temple_1_default, first_bread, johnstein_pakellas_dig
